 Seeded DCSS version 0.30.1-9-gdf580d7c3d (webtiles) character file.

Game seed: 6351066067085065685 (custom seed)

14 Esekla the Magician (level 2, 0/15 HPs)
             Began as a Deep Elf Wanderer on Oct 24, 2023.
             Was an Initiate of Vehumet.
             Slain by a kobold
             ... wielding a +0 short sword
              (4 damage)
             ... on level 1 of the Dungeon.
             The game lasted 00:06:55 (1009 turns).

Esekla the Magician (Deep Elf Wanderer)             Turns: 1009, Time: 00:06:55

Health: 0/15       AC:  4    Str: 11    XL:     2   Next: 27%
Magic:  9/10       EV: 10    Int: 17    God:    Vehumet [......]
Gold:   142        SH:  3    Dex: 11    Spells: 7/11 levels left

rFire   . . .        a - +1 short sword (freeze)
rCold   . . .        d - +0 buckler
rNeg    . . .        c - +0 robe
rPois   .            l - +0 helmet
rElec   .            (no cloak)
rCorr   .            k - +0 pair of gloves
SInv    .            (no boots)
Will    .....        (no amulet)
Stlth   ++           (no ring)
HPRegen 0.22/turn    (no ring)
MPRegen 0.12/turn

%: no passive effects
@: no status effects
A: no striking features
a: Renounce Religion


You were on level 1 of the Dungeon.
You worshipped Vehumet.
Vehumet was noncommittal.
You visited 1 branch of the dungeon, and saw 4 of its levels.

You collected 142 gold pieces.

Inventory:

Hand Weapons
 a - a +1 short sword of freezing (weapon)
Armour
 c - a +0 robe (worn)
 d - a +0 buckler (worn)
 k - a +0 pair of gloves (worn)
 l - a +0 helmet (worn)
Scrolls
 g - 2 scrolls of identify {unknown}
 n - 2 scrolls of enchant weapon {unknown}
 o - a scroll of amnesia {unknown}
 p - a scroll of enchant armour {unknown}
Potions
 b - a potion of lignification
 e - a potion of ambrosia {unknown}
 f - 2 potions of attraction {unknown}
 h - a potion of heal wounds {unknown}
 i - a potion of haste {unknown}
 j - 2 potions of curing {unknown}
 m - a potion of mutation {unknown}


   Skills:
 + Level 0.4 Short Blades
 + Level 1.2 Stealth
 + Level 1.5 Shields
 * Level 5.1 Spellcasting
 * Level 0.2 Necromancy
 + Level 2.3 Translocations
 + Level 1.0 Invocations


You had 7 spell levels left.
You knew the following spells:

 Your Spells              Type           Power      Damage    Failure   Level
a - Magic Dart            Conj           16%        1d3       21%         1
b - Blink                 Tloc           24%        N/A       12%         2
p - Apportation           Tloc           24%        N/A       8%          1

Your spell library contained the following spells:

 Spells                   Type           Power      Damage    Failure   Level
 Lesser Beckoning         Tloc           24%        N/A       12%         2
 Vampiric Draining        Necr           5%         2d6       50%         3
 Ignite Poison            Fire/Tmut/Pois 4%         N/A       52%         3


Dungeon Overview and Level Annotations

Branches:
Dungeon (4/15)
 Temple: D:4-7

Altars:
Okawaru
Vehumet
Zin

Shops:
D:2 =   D:4 (


Message History

The kobold throws a stone.
The stone hits you but does no damage.
You hit the endoplasm. You freeze the endoplasm.
The endoplasm is heavily wounded.
The endoplasm freezes you.
You are frozen.
You hit the endoplasm. You freeze the endoplasm.
You kill the endoplasm!
Vehumet accepts your kill.
You closely miss the ball python. The ball python misses you.
The ball python grabs you. The ball python constricts you.
You barely miss the ball python. The ball python closely misses you.
The ball python constricts you. The ball python bites you.
The ball python constricts you.
You closely miss the ball python. The ball python barely misses you.
The ball python constricts you.
You closely miss the ball python. The ball python bites you.
The ball python constricts you.
You closely miss the ball python. The ball python bites you.
The ball python constricts you.
The ball python bites you but does no damage.
The ball python constricts you.
You closely miss the ball python. The ball python barely misses you.
The ball python constricts you.
You hit the ball python.
The ball python seems to slow down.
You freeze the ball python.
You kill the ball python!
Vehumet accepts your kill.
You completely miss the kobold.
The kobold hits you with a +0 short sword.
* * * LOW HITPOINT WARNING * * *
You hit the kobold. You freeze the kobold.
The kobold is severely wounded.
The kobold barely misses you.
You closely miss the kobold.
The kobold is severely wounded.
The kobold misses you.
You barely miss the kobold.
The kobold is severely wounded.
The kobold hits you with a +0 short sword.
You die...

# .#.....#.#
### #.
...#....##
#..#.....#..##
#.............
#....>........
#....#........
#..$.#........
#....#K#......
....###@##...>#
$.... #?# ###.#
.... #.# # ..l.
#.# #.# #.# ...
#..


You could see a kobold.

Vanquished Creatures
  2 endoplasms
  3 goblins
  A hobgoblin (D:3)
  A ball python (D:1)
  2 bats (D:3)
  A frilled lizard (D:3)
  3 kobolds
  A rat (D:2)
14 creatures vanquished.

Notes
Turn   | Place    | Note
-------+----------+-------------------------------------------
     0 | D:1      | Esekla the Deep Elf Wanderer began the quest for the Orb.
     0 | D:1      | Esekla set off with the following items: a +0 club, a
                  | potion of lignification, a +0 robe, a +0 buckler; and the
                  | following spells available to memorise: Apportation, Blink,
                  | Lesser Beckoning, Magic Dart, Ignite Poison, Vampiric
                  | Draining.
     0 | D:1      | Reached XP level 1. HP: 10/10 MP: 7/7
     2 | D:1      | Learned a level 1 spell: Magic Dart
     4 | D:1      | Learned a level 1 spell: Apportation
   254 | D:2      | Found Renulab's Jewellery Shop.
   445 | D:4      | Found a radiant altar of Vehumet.
   449 | D:4      | Became a worshipper of Vehumet
   466 | D:4      | Found an iron altar of Okawaru.
   477 | D:4      | Found a glowing silver altar of Zin.
   568 | D:4      | Found Ponaysk's Antique Weapon Boutique.
   785 | D:3      | Reached skill level 5 in Spellcasting
   785 | D:3      | Reached XP level 2. HP: 15/15 MP: 7/10
   788 | D:3      | Learned a level 2 spell: Blink
  1009 | D:1      | Slain by a kobold

Illustrated notes

Levels and vault maps discovered:
D:1:      sevenhm_arrival_forest_fort_small_3, layout_rooms,
          chequers_serial_rivers_room_b, minmay_misc_feat_five
D:2:      layout_loops_ring, dreamdust_ecumenical_altar_angels_and_demons,
          serial_shops, shop
D:3:      layout_basic, grunt_temple_overflow_open, minmay_misc_feat_iff
D:4:      layout_basic, nicolae_overflow_quartered_altars, serial_shops,
          nicolae_diamond_shop

Skill      XL: |  1 |
---------------+----+-----
Spellcasting   | 5 |  5.1
Short Blades   | |  0.4
Stealth        | |  1.2
Shields        | |  1.5
Necromancy     | |  0.2
Translocations | |  2.3
Invocations    | |  1.0

Action                     || total
---------------------------++-------
  Melee: Short sword       ||    23
   Cast: Apportation       ||    21
         Magic Dart        ||    23
    Use: Scroll            ||     1
 Armour: Robe              ||     7
  Dodge: Dodged            ||    17
  Block: Buckler           ||     3
